 Dungeon Crawl Stone Soup version 0.24.0-123-gd5b16e6ec5 (webtiles) character file.

Game seed: 9641360444241416757, levelgen mode: deterministic

2357 Delamore the Severer (level 9, 0/70 HPs)
             Began as a Hill Orc Fighter on Dec 28, 2019.
             Slain by a hornet zombie (2 damage)
             ... on level 7 of the Dungeon.
             The game lasted 00:06:43 (6442 turns).

Delamore the Severer (Hill Orc Fighter)             Turns: 6442, Time: 00:06:44

Health: 0/70       AC:  6    Str: 22    XL:     9   Next: 44%
Magic:  9/9        EV:  7    Int:  8    God:
Gold:   338        SH:  9    Dex: 10    Spells: 8/8 levels left

rFire    . . .     SeeInvis .   a - +1 war axe
rCold    . . .     Gourm    .   c - +0 shield
rNeg     . . .     Faith    .   b - +0 scale mail
rPois    +         Spirit   .   (no helmet)
rElec    .         Reflect  .   I - scarf {repulsion}
rCorr    +         Harm     .   (no gloves)
MR       .....                  (no boots)
Stlth    ..........             M - amulet of the acrobat
HPRegen  0.21/turn              h - ring of resist corrosion
MPRegen  0.11/turn              G - ring of poison resistance

@: flying, repel missiles
A: no striking features
a: no special abilities


You were on level 7 of the Dungeon.
You were not hungry.

You visited 2 branches of the dungeon, and saw 8 of its levels.
You also visited: Sewer.

You collected 338 gold pieces.

Inventory:

Hand Weapons
 a - a +1 war axe (weapon)
Missiles
 E - 3 boomerangs of dispersal (quivered)
Armour
 b - a +0 scale mail (worn)
 c - a +0 shield (worn)
 l - a scarf of cloud immunity
 I - a scarf of repulsion (worn)
Jewellery
 h - a ring of resist corrosion (left hand)
 B - an uncursed amulet of faith
 C - an uncursed amulet of faith
 G - a ring of poison resistance (right hand)
 M - an amulet of the acrobat (around neck)
Wands
 d - a wand of random effects (25)
 H - a wand of flame (6)
Scrolls
 g - 6 scrolls of remove curse
 i - 2 scrolls of fog
 j - 2 scrolls of fear {unknown}
 k - 2 scrolls of magic mapping
 m - 9 scrolls of identify
 n - a scroll of noise {unknown}
 o - a scroll of random uselessness {unknown}
 p - 5 scrolls of teleportation
 s - 3 scrolls of amnesia
 w - 2 scrolls of enchant weapon
 y - 2 scrolls of blinking {unknown}
 z - a scroll of immolation {unknown}
 L - a scroll of enchant armour {unknown}
Potions
 e - 4 potions of haste {unknown}
 q - a potion of berserk rage {unknown}
 r - 4 potions of flight
 t - 5 potions of curing {unknown}
 u - a potion of cancellation {unknown}
 v - 2 potions of mutation {unknown}
 x - 2 potions of heal wounds {unknown}
 A - 5 potions of might
 D - a potion of ambrosia {unknown}
 F - 3 potions of agility {unknown}
 K - a potion of resistance {unknown}
Comestibles
 f - 11 rations


   Skills:
 - Level 3.6 Fighting
 + Level 15.3 Axes
 - Level 3.2 Armour
 - Level 3.2 Shields


You had 8 spell levels left.
You didn't know any spells.
Your spell library was empty.

Dungeon Overview and Level Annotations

Branches:
Dungeon (7/15)             Temple (1/1) D:5           Sewer (visited)

Altars:
Ashenzari
Cheibriados
Dithmenos
Elyvilon
Fedhas
Hepliaklqana
Kikubaaqudgha
Makhleb
Nemelex Xobeh
Qazlal
Ru
Sif Muna
Uskayaw
Vehumet
Wu Jian
Xom
Yredelemnul
Zin
The Shining One

Shops:
D:5 =%


Message History

The hornet zombie is heavily damaged.
The hornet zombie hits you.
* * * LOW HITPOINT WARNING * * *
You hit the hornet zombie.
The hornet zombie is severely damaged.
The hornet zombie hits you.
* * * LOW HITPOINT WARNING * * *
You barely miss the hornet zombie.
The hornet zombie is severely damaged.
The hornet zombie hits you!
* * * LOW HITPOINT WARNING * * *
You hit the hornet zombie.
The hornet zombie is severely damaged.
The hornet zombie hits you.
* * * LOW HITPOINT WARNING * * *
It was a potion of flight.
You feel very buoyant.
You fly up into the air.
You block the hornet zombie's attack. The hornet zombie hits you.
You die...

#.....#
#.....#
#.....#
#.....#
#.....#
#.....#
#.....#
#.....#######
###+#@.......
#Z.......
#........
#........
#........
#........
#........
#......##


You could see a hornet zombie.

Vanquished Creatures
  4 yaks (D:7)
  Edmund (D:5)
  A water moccasin (D:5)
  Purgy (D:3)
  An ice beast (D:5)
  A phantom (D:4)
  3 ogres
  2 centaurs
  A crocodile (Sewer)
  Blork the orc (D:6)
  A scorpion (D:4)
  A water moccasin skeleton (D:7)
  2 crimson imps
  3 hounds
  A centaur zombie (D:7)
  2 jellies
  An orc priest (D:6)
  Jessica (D:3)
  Crazy Yiuf (D:3)
  8 worker ants
  4 adders
  A shadow imp (D:5)
  2 oozes (D:2)
  A worm (D:5)
  A dart slug (D:1)
  7 leopard geckos
  4 orcs
  10 giant cockroaches
  7 goblins
  6 hobgoblins
  4 jackals
  7 kobolds
  2 quokkas
  2 ball pythons
  8 bats
  5 frilled lizards
  2 quokka skeletons
  A quokka zombie (D:6)
  4 rats
115 creatures vanquished.

Notes
Turn   | Place    | Note
-------+----------+-------------------------------------------
     0 | D:1      | Delamore the Hill Orc Fighter began the quest for the Orb.
     0 | D:1      | Reached XP level 1. HP: 19/19 MP: 1/1
    56 | D:1      | Reached skill level 3 in Axes
    98 | D:1      | Reached XP level 2. HP: 7/26 MP: 2/2
   356 | D:1      | Reached skill level 4 in Axes
   494 | D:1      | Reached XP level 3. HP: 31/31 MP: 3/3
   796 | D:2      | Reached skill level 5 in Axes
  1023 | D:2      | Reached XP level 4. HP: 38/39 MP: 4/4
  1652 | D:3      | Reached skill level 6 in Axes
  1737 | D:3      | Noticed Purgy
  1947 | D:3      | Killed Purgy
  1947 | D:3      | Reached skill level 7 in Axes
  1947 | D:3      | Reached XP level 5. HP: 21/45 MP: 5/5
  1955 | D:3      | Found a shimmering altar of Xom.
  2102 | D:3      | Noticed Jessica
  2108 | D:3      | Killed Jessica
  2108 | D:3      | Reached skill level 8 in Axes
  2108 | D:3      | Reached XP level 6. HP: 43/51 MP: 6/6
  2259 | D:3      | Found a runed translucent door.
  2260 | D:3      | Noticed Crazy Yiuf
  2271 | D:3      | Killed Crazy Yiuf
  2646 | D:4      | Noticed a phantom
  2667 | D:4      | Killed a phantom
  2667 | D:4      | Reached skill level 9 in Axes
  2671 | D:4      | Reached XP level 7. HP: 37/57 MP: 7/7
  2830 | D:4      | Reached skill level 10 in Axes
  3132 | D:5      | Entered Level 5 of the Dungeon
  3140 | D:5      | Noticed Edmund
  3143 | D:5      | Found a glowing drain.
  3164 | D:5      | Killed Edmund
  3298 | Sewer    | Entered a sewer
  3675 | D:5      | Reached skill level 11 in Axes
  3691 | D:5      | Found Mistrias's Food Boutique.
  3780 | D:5      | Reached XP level 8. HP: 63/64 MP: 8/8
  3865 | D:5      | Found a staircase to the Ecumenical Temple.
  3877 | Temple   | Entered the Ecumenical Temple
  4173 | D:5      | Reached skill level 12 in Axes
  4453 | D:5      | Found Ezixuly's Jewellery Emporium.
  5074 | D:6      | Reached skill level 13 in Axes
  5398 | D:6      | Noticed Blork the orc
  5413 | D:6      | Killed Blork the orc
  6102 | D:7      | Noticed a yak
  6102 | D:7      | Noticed a yak
  6103 | D:7      | Noticed a yak
  6103 | D:7      | Noticed a yak
  6109 | D:7      | Killed a yak
  6109 | D:7      | Reached skill level 14 in Axes
  6109 | D:7      | Reached XP level 9. HP: 70/70 MP: 9/9
  6269 | D:7      | Reached skill level 15 in Axes
  6441 | D:7      | HP: 2/70 [hornet zombie (2)]
  6442 | D:7      | Slain by a hornet zombie

Levels and vault maps discovered:
D:1:      mrwooster_arrival_statue, layout_rooms, serial_bayou_ford_a
D:2:      layout_basic, roderic_lattice_a, hangedman_decor_growths
D:3:      layout_rooms, xom_teletrap_fun, uniq_crazy_yiuf_cottage, uniq_purgy,
          uniq_jessica
D:4:      layout_loops_ring, first_ration, kennysheep_generic_room_7
D:5:      layout_basic, minmay_temple_entry_glassed_door, serial_shops,
          nicolae_shop_competitors_out_of_business, nicolae_shop_trees,
          cheibrodos_sewer_entry_drain, chequers_big_river, uniq_edmund
D:6:      layout_loops_ring, uniq_blork_the_orc
D:7:      layout_gridville, grunt_gozag_statues
Temple:   eino_narrow_crystal_temple

Skill      XL: |  1  2  3  4  5  6  7  8  9 |
---------------+----------------------------+-----
Axes           | 3 4 5 7 8 9 11 14 15 | 15.3
Fighting       | |  3.6
Armour         | |  3.2
Shields        | |  3.2

Action                   |  1- 3 |  4- 6 |  7- 9 || total
-------------------------+-------+-------+-------++-------
Melee: War axe           |   124 |   105 |   254 ||   483
  Use: Potion            |       |     1 |     1 ||     2
       Scroll            |       |       |     6 ||     6
  Eat: Chunk             |     1 |     4 |     6 ||    11
       Ration            |       |       |     2 ||     2
Armor: Scale mail        |    54 |    61 |    59 ||   174
Dodge: Dodged            |    41 |    29 |    45 ||   115
Block: Shield            |    52 |    59 |    96 ||   207
